 Dungeon Crawl Stone Soup version 0.30-a0-137-gd8773701ce (webtiles) character file.

Game seed: 6108320050464786017

8315 Casaw the Covert (level 11, -3/51 HPs)
             Began as a Spriggan Enchanter on Sept 21, 2022.
             Was a Priest of Dithmenos.
             Slain by a death yak (8 damage)
             ... on level 11 of the Dungeon on Sept 22, 2022.
             The game lasted 00:40:41 (12996 turns).

Casaw the Covert (Spriggan Enchanter)              Turns: 12996, Time: 00:40:42

Health: -3/51      AC:  6    Str:  7    XL:     11   Next: 8%
Magic:  11/27      EV: 20    Int: 16    God:    Dithmenos [***...]
Gold:   616        SH:  0    Dex: 20    Spells: 22/33 levels left

rFire   + . .      SeeInvis +    q - +5 dagger (protect)
rCold   . . .      Faith    .    (no shield)
rNeg    . . .      Spirit   .    k - +2 robe {Will+}
rPois   +          Reflect  .    (helmet restricted)
rElec   .          Harm     .    a - +1 cloak "Wusemojo" {Fly Will+}
rCorr   .          Rampage  .    (gloves unavailable)
Will    +....                    (boots unavailable)
Stlth   ++++++++..               g - amulet of the acrobat
HPRegen 0.17/turn                e - ring of protection from fire
MPRegen 0.20/turn                l - ring of poison resistance

@: weak-willed, flying, wreathed by umbra, very quick
A: very small, no large weapons, unfitting armour, see invisible, speed 3, agile
1, mutation resistance 1, wild magic 1
a: Renounce Religion, Shadow Step


You were on level 11 of the Dungeon.
You worshipped Dithmenos.
Dithmenos was most pleased with you.
You visited 2 branches of the dungeon, and saw 12 of its levels.
You also visited: Ossuary.

You collected 935 gold pieces.
You spent 319 gold pieces at shops.

Inventory:

Hand Weapons
 d - a +3 dagger of holy wrath
 q - a +5 dagger of protection (weapon)
Missiles
 E - 5 curare-tipped darts (quivered)
Armour
 a - the +1 cloak "Wusemojo" (worn) {Fly Will+}
   (You found it on level 5 of the Dungeon)

   Fly:       It grants you flight.
   Will:      It increases your willpower.
 j - a +2 robe of cold resistance
 k - a +2 robe of willpower (worn)
Jewellery
 e - a ring of protection from fire (left hand)
 g - an amulet of the acrobat (around neck)
 l - a ring of poison resistance (right hand)
 v - an amulet of magic regeneration
Wands
 t - a wand of paralysis (10)
 B - a wand of flame (9)
 F - a wand of polymorph (4)
 G - a wand of light (5)
Scrolls
 h - 6 scrolls of magic mapping
 p - 2 scrolls of poison
 u - 3 scrolls of teleportation
 y - 2 scrolls of fear
 A - 4 scrolls of amnesia
 C - a scroll of blinking
 H - a scroll of enchant armour
Potions
 b - a potion of lignification
 c - 2 potions of invisibility
 f - 5 potions of resistance
 i - 2 potions of mutation
 n - a potion of cancellation
 o - a potion of heal wounds
 r - 7 potions of curing
 s - 2 potions of brilliance
 w - a potion of flight
 z - a potion of haste {unknown}
 D - a potion of magic {unknown}
 I - 2 potions of might {unknown}


   Skills:
 + Level 2.8 Fighting
 + Level 4.3 Short Blades
 + Level 5.5 Dodging
 + Level 14.0 Stealth
 + Level 11.6 Spellcasting
 + Level 11.8 Hexes


You had 22 spell levels left.
You knew the following spells:

 Your Spells              Type           Power      Damage    Failure   Level
a - Ensorcelled Hibernat  Hex/Ice        72%        N/A       2%          2
b - Tukima's Dance        Hex            57%        N/A       1%          3
c - Dazzling Flash        Conj/Hex       72%        N/A       3%          3
d - Confusing Touch       Hex            57%        N/A       1%          3

Your spell library contained the following spells:

 Spells                   Type           Power      Damage    Failure   Level
 Anguish                  Hex/Necr       18%        N/A       11%         4
 Sandblast                Erth           24%        2d8       12%         1
 Shock                    Conj/Air       48%        1d6       12%         1
 Passwall                 Tmut/Erth      10%        N/A       17%         2
 Spider Form              Tmut/Pois      12%        N/A       32%         3
 Stone Arrow              Conj/Erth      24%        3d8       32%         3
 Swiftness                Air            12%        N/A       32%         3
 Airstrike                Air            6%         2d(1-17)  69%         4
 Summon Lightning Spire   Summ/Air       12%        N/A       69%         4
 Storm Form               Tmut/Air       6%         N/A       100%        7
 Maxwell's Capacitive Co  Air            6%         ∞         100%        8


Dungeon Overview and Level Annotations

Branches:
Dungeon (11/15)            Temple (1/1) D:6            Lair (0/5) D:11
    Orc (0/2) D:11        Ossuary (visited)

Altars:
Ashenzari
Cheibriados
Dithmenos
Elyvilon
Fedhas
Gozag
Hepliaklqana
Kikubaaqudgha
Makhleb
Nemelex Xobeh
Okawaru
Qazlal
Ru
Sif Muna
Trog
Uskayaw
Vehumet
Wu Jian
Xom
Yredelemnul
Zin
The Shining One

Shops:
D:5 [*=*   D:10 *

Annotations:
D:4 3 runed translucent doors, Olga's ghost, amateur GnWn


Innate Abilities, Weirdness & Mutations

You are very small and have problems with some larger weapons.
You are too small for most types of armour.
You have supernaturally acute eyesight. (SInv)
You cover ground extremely quickly. (Speed+++)
You are agile. (Dex +4, Str/Int -1)
You are somewhat resistant to further mutation.
Your spells are a little harder to cast, but a little more powerful.


Message History

Confirm with . or Enter, or press ? or * to list all spells.
Aiming: Ensorcelled Hibernation (safe; 2% risk of failure)
Press: ? - help, Shift-Dir - straight line, f - death yak
Aim: a death yak (umbra, chance to affect: 6%)
The death yak resists with almost no effort.
The death yak gores you!
* * * LOW HITPOINT WARNING * * *
Casting: Ensorcelled Hibernation (safe; 2% risk of failure)
Confirm with . or Enter, or press ? or * to list all spells.
Aiming: Ensorcelled Hibernation (safe; 2% risk of failure)
Press: ? - help, Shift-Dir - straight line, f/p - death yak
Aim: a death yak (umbra, chance to affect: 6%)
The death yak resists with almost no effort.
The death yak gores you but does no damage.
You feel much better.
The death yak gores you but does no damage.
Casting: Ensorcelled Hibernation (safe; 2% risk of failure)
Confirm with . or Enter, or press ? or * to list all spells.
Aiming: Ensorcelled Hibernation (safe; 2% risk of failure)
Press: ? - help, Shift-Dir - straight line, f/p - death yak
Aim: a death yak (umbra, chance to affect: 6%)
The death yak resists with almost no effort.
The death yak gores you!!
* * * LOW HITPOINT WARNING * * *
Casting: Ensorcelled Hibernation (safe; 2% risk of failure)
Confirm with . or Enter, or press ? or * to list all spells.
Aiming: Ensorcelled Hibernation (safe; 2% risk of failure)
Press: ? - help, Shift-Dir - straight line, f/p - death yak
Aim: a death yak (umbra, chance to affect: 6%)
The death yak resists with almost no effort.
The death yak gores you.
* * * LOW HITPOINT WARNING * * *
Casting: Ensorcelled Hibernation (safe; 2% risk of failure)
Confirm with . or Enter, or press ? or * to list all spells.
Aiming: Ensorcelled Hibernation (safe; 2% risk of failure)
Press: ? - help, Shift-Dir - straight line, f/p - death yak
Aim: a death yak (umbra, chance to affect: 6%)
The death yak resists with almost no effort.
The death yak gores you!
You die...

...........# #..........
...........# #.........(
##########.# #..........
........'.#####..........
........#........####'#..
........##.......#....#..
:........+.......#....#..
.........#.......#....#..
########@#.......#....#..
#......#Y#.......#....#..
.......YY....>...#....#..
........Y..Y....##....#..
................# #..
.....#..........# #..
##.>............# #..
.........##.....#######..
..(.......#..............


You could see 4 death yaks.

Vanquished Creatures
  A death yak (D:11)
  Erica (D:8)
  An unseen horror (D:11)
  3 trolls (D:10)
  2 hornets
  A vampire (D:9)
  5 yaks (D:10)
  4 shadows
  2 wyverns
  2 water moccasins
  An ice beast (D:5)
  3 orc warriors
  2 black bears
  An ogre (D:5)
  A sky beast (D:7)
  2 centaurs
  2 phantoms
  3 kobold brigands
  3 gnoll sergeants
  4 scorpions
  2 bullfrogs
  2 wights (D:6)
  A troll zombie (D:11)
  A gnoll bouda (D:5)
  A jelly (D:7)
  9 orc priests
  4 hounds
  Jessica (D:2)
  Terence (D:3)
  6 iguanas
  8 orc wizards
  4 ogre zombies (D:11)
  8 mummies (Ossuary)
  Robin (D:2)
  14 gnolls
  7 adders
  2 shadow imps
  3 white imps
  4 ufetubi
  4 dart slugs
  A worm (D:4)
  37 orcs
  8 endoplasms
  8 giant cockroaches
  12 goblins
  9 hobgoblins
  12 kobolds
  3 quokkas
  3 ball pythons
  A bat (D:3)
  3 frilled lizards
  A goblin skeleton (D:11)
  A goblin zombie (D:11)
  3 hobgoblin zombies
  5 kobold zombies (Ossuary)
  12 orc zombies
  7 rats
253 creatures vanquished.

Vanquished Creatures (collateral kills)
  An orc warrior (D:9)
  6 wights
  A gnoll bouda (D:8)
  10 gnolls
  3 orcs
21 creatures vanquished.

Vanquished Creatures (others)
  6 dancing weapons
  4 withered plants (D:3)
10 creatures vanquished.

Grand Total: 284 creatures vanquished

Notes
Turn   | Place    | Note
-------+----------+-------------------------------------------
     0 | D:1      | Casaw the Spriggan Enchanter began the quest for the Orb.
     0 | D:1      | Reached XP level 1. HP: 9/9 MP: 5/5
   200 | D:1      | Found a faded altar of an unknown god.
   320 | D:1      | Reached XP level 2. HP: 13/13 MP: 7/7
   323 | D:1      | Learned a level 2 spell: Ensorcelled Hibernation
  1149 | D:2      | Reached XP level 3. HP: 16/16 MP: 9/9
  1153 | D:2      | Learned a level 3 spell: Tukima's Dance
  1157 | D:2      | Learned a level 3 spell: Confusing Touch
  1627 | D:2      | Noticed Robin
  2087 | D:2      | Killed Robin
  2259 | D:2      | Reached XP level 4. HP: 21/21 MP: 11/11
  2259 | D:2      | Found a snail-covered altar of Cheibriados.
  2262 | D:2      | Noticed Jessica
  2284 | D:2      | Killed Jessica
  2285 | D:2      | Reached skill level 5 in Hexes
  3100 | D:3      | Noticed Terence
  3119 | D:3      | Killed Terence
  3120 | D:3      | Reached XP level 5. HP: 20/24 MP: 2/13
  3137 | D:3      | Reached skill level 5 in Spellcasting
  3363 | D:3      | Found an ancient bone altar of Kikubaaqudgha.
  3805 | D:3      | Learned a level 3 spell: Dazzling Flash
  3874 | D:4      | Reached skill level 5 in Stealth
  3953 | D:4      | Reached XP level 6. HP: 28/28 MP: 15/15
  4060 | D:4      | Found a runed translucent gate.
  4060 | D:4      | Found a runed translucent gate.
  4060 | D:4      | Found a runed translucent gate.
  4074 | D:4      | Noticed an ice beast
  4075 | D:4      | Noticed an ice beast
  4229 | D:4      | Found a sacrificial altar of Ru.
  4229 | D:4      | Found a basalt altar of Yredelemnul.
  4229 | D:4      | Found a burning altar of Makhleb.
  4229 | D:4      | Found a hazy altar of Hepliaklqana.
  4301 | D:4      | Reached skill level 6 in Stealth
  4696 | D:4      | Noticed Olga's ghost (amateur GnWn)
  4737 | D:5      | Entered Level 5 of the Dungeon
  4746 | D:5      | Found Mueshono's Antique Armour Shop.
  4811 | D:5      | Upgraded the game from 0.30-a0-136-gea98e250e0 to
                  | 0.30-a0-137-gd8773701ce
  4843 | D:5      | Reached XP level 7. HP: 32/32 MP: 11/17
  4862 | D:5      | Reached skill level 7 in Stealth
  4947 | D:5      | Found a shimmering blue altar of Sif Muna.
  4954 | D:5      | Identified the +4 dagger of Stickiness {vamp, rPois rC-
                  | rCorr Int-5}
  5093 | D:5      | Found Ratutuff's Assorted Antiques.
  5308 | D:5      | Bought a glowing dagger for 95 gold pieces
  5308 | D:5      | Bought a glowing orange potion for 17 gold pieces
  5308 | D:5      | Bought a purple potion for 17 gold pieces
  5308 | D:5      | Bought a scroll of enchant weapon for 142 gold pieces
  5336 | D:5      | Identified the +1 cloak "Wusemojo" {Fly Will+}
  5370 | D:5      | Found a hide-covered altar of Uskayaw.
  5728 | D:5      | Reached skill level 8 in Stealth
  5744 | D:5      | Found Worch's Jewellery Shop.
  5765 | D:5      | Reached XP level 8. HP: 36/36 MP: 17/20
  6443 | D:5      | Reached skill level 9 in Stealth
  6490 | D:5      | Found Buis's Assorted Antiques.
  6498 | D:5      | Bought a glowing orange potion for 24 gold pieces
  6498 | D:5      | Bought a clear potion for 24 gold pieces
  7027 | D:6      | Found a sand-covered staircase.
  7035 | Ossuary  | Entered an ossuary
  7449 | Ossuary  | Gained mutation: You are agile. (Dex +4, Str/Int -1)
                  | [potion of mutation]
  7449 | Ossuary  | Gained mutation: You are somewhat resistant to further
                  | mutation. [potion of mutation]
  7449 | Ossuary  | Gained mutation: Your spells are a little harder to cast,
                  | but a little more powerful. [potion of mutation]
  7618 | D:6      | Found a glowing golden altar of the Shining One.
  7683 | D:6      | Reached skill level 10 in Stealth
  7794 | D:6      | Found a staircase to the Ecumenical Temple.
  7806 | D:6      | Reached XP level 9. HP: 31/39 MP: 4/23
  7834 | Temple   | Entered the Ecumenical Temple
  8008 | Temple   | Became a worshipper of Dithmenos the Shadowed
  8041 | D:6      | Identified the +0 pair of boots of the Candlemaker {+Blink
                  | rElec rC- Str-4}
  8186 | D:6      | Found an ornate altar of the Wu Jian Council.
  8452 | D:7      | Reached skill level 11 in Stealth
  8504 | D:7      | Found a radiant altar of Vehumet.
  8773 | D:7      | Found a glowing silver altar of Zin.
  8773 | D:7      | Noticed an angel
  9437 | D:8      | Reached skill level 10 in Hexes
  9551 | D:8      | Identified the ring "Veconwo" {rF- rN+ MP+9 Str+3 Int+3}
  9735 | D:8      | Found a runed translucent door.
  9767 | D:8      | Reached * piety under Dithmenos
  9768 | D:8      | Reached skill level 12 in Stealth
  9768 | D:8      | Reached skill level 10 in Spellcasting
  9911 | D:8      | Noticed Erica
 10035 | D:8      | Killed Erica
 10036 | D:8      | Reached XP level 10. HP: 44/44 MP: 12/25
 10502 | D:9      | Reached skill level 13 in Stealth
 10542 | D:9      | Reached ** piety under Dithmenos
 10734 | D:9      | Reached skill level 1 in Fighting
 10918 | D:9      | Found a stormy altar of Qazlal.
 11160 | D:10     | Entered Level 10 of the Dungeon
 11160 | D:10     | Found Mostil's General Store.
 11634 | D:10     | Reached skill level 5 in Dodging
 12228 | D:11     | Found a staircase to the Orcish Mines.
 12274 | D:11     | Reached *** piety under Dithmenos
 12639 | D:11     | Reached XP level 11. HP: 51/51 MP: 27/27
 12765 | D:11     | Noticed a death yak
 12766 | D:11     | Noticed a death yak
 12766 | D:11     | Noticed a death yak
 12767 | D:11     | Noticed a death yak
 12967 | D:11     | Found a staircase to the Lair.
 12968 | D:11     | Noticed a death yak
 12969 | D:11     | Noticed a death yak
 12990 | D:11     | Killed a death yak
 12991 | D:11     | Reached skill level 14 in Stealth
 12996 | D:11     | Slain by a death yak

Illustrated notes

Levels and vault maps discovered:
D:1:      evilmike_arrival_rings, layout_basic,
          shapermc_ecumenical_altar_hornbeckon
D:2:      layout_loops_corners, serial_forest, infiniplex_forest_straight_5,
          infiniplex_forest_clump_C, infiniplex_forest_lined_4_way,
          infiniplex_forest_lined_2, infiniplex_forest_end_1,
          infiniplex_forest_straight_5, infiniplex_forest_straight_2,
          minmay_hexomino_r4, uniq_jessica, uniq_robin
D:3:      layout_rooms, kiku_gazebo_garden_becter, uniq_terence
D:4:      layout_loops_ring, chequers_temple_overflow_statue_of_worship,
          gammafunk_ghost_icy, kennysheep_generic_room_15
D:5:      layout_basic, mainiacjoe_overflow_catch_the_wave, serial_shops,
          nicolae_shop_competitors_out_of_business, nicolae_take_the_stairs,
          shop, nicolae_shop_hallway_stairs, grunt_ministairs_5,
          kennysheep_diamond
D:6:      layout_cave_pools, mainiacjoe_overflow_surrounded_room,
          nzn_wu_jian_contemplation, minmay_temple_entry_slanted,
          nicolae_ossuary_entry_monument
D:7:      layout_loops_corners, zin_angel, fiery_altar_vehumet
D:8:      layout_basic, lightli_church_of_beogh, uniq_erica
D:9:      layout_gridville, mainiacjoe_overflow_brackets
D:10:     layout_basic, serial_shops, nicolae_stop_n_shop_2,
          hangedman_decor_clover_reticule
D:11:     layout_irregular_city, dpeg_lair_monsters, zombieorc1_lemuel
Temple:   zaba_magenta_temple

Skill      XL: |  1  2  3  4  5  6  7  8  9 10 11 |
---------------+----------------------------------+-----
Spellcasting   | 3 4 5 6 7 9 10 11 | 11.6
Hexes          | 4 5 6 7 9 10 11 | 11.8
Stealth        | 5 6 8 10 12 13 14 | 14.0
Dodging        | 5 |  5.5
Short Blades   | 4 |  4.3
Fighting       | 2 |  2.8

Action                   |  1- 3 |  4- 6 |  7- 9 | 10-12 || total
-------------------------+-------+-------+-------+-------++-------
Melee: Dagger            |    94 |   135 |   411 |   171 ||   811
       Punch             |     1 |     2 |     6 |     5 ||    14
 Cast: Ensorcelled Hiber |    12 |    17 |    68 |    43 ||   140
       Tukima's Dance    |       |     6 |    24 |    20 ||    50
       Confusing Touch   |       |     2 |    20 |     1 ||    23
       Dazzling Flash    |       |       |       |     2 ||     2
Evoke: Wand              |       |       |     2 |     1 ||     3
  Use: Scroll            |     8 |     7 |    10 |     3 ||    28
       Potion            |       |       |     3 |     2 ||     5
 Stab: Sleeping          |    17 |    21 |    47 |    38 ||   123
       Confused          |       |     1 |    12 |     1 ||    14
       Distracted        |       |       |     2 |     3 ||     5
       Paralysed         |       |       |     2 |       ||     2
Armor: Robe              |    10 |    21 |    76 |    18 ||   125
Dodge: Dodged            |    63 |    85 |   291 |   131 ||   570

Table legend: (Time is in decaauts)
 A = Elapsed time spent in this place.
 B = Non-inter-level travel time spent in this place.
 C = Inter-level travel time spent in this place.
 D = Time resting spent in this place.
 E = Time spent auto-exploring this place.
 F = Levels seen in this place.
 G = Mean time per level.
                   A        B        C        D        E       F      G
               +--------+--------+--------+--------+--------+-----+--------+
         Total |  10066 |   9867 |    199 |   1430 |   6261 |  13 |  774.3 |
       Dungeon |   9584 |   9394 |    190 |   1371 |   6118 |  11 |  871.3 |
        Temple |    160 |    151 |      9 |      0 |    143 |   1 |  160.0 |
       Ossuary |    321 |    321 |      0 |     59 |      0 |   1 |  321.0 |
               +--------+--------+--------+--------+--------+-----+--------+

Top non-repeatable levels by time:
     D:5: 1870 daAuts
     D:1: 1197 daAuts
     D:2: 1060 daAuts
     D:8: 978 daAuts
    D:11: 867 daAuts
     D:9: 771 daAuts
     D:3: 712 daAuts
     D:4: 643 daAuts
     D:6: 518 daAuts
     D:7: 499 daAuts
    D:10: 465 daAuts
 Ossuary: 321 daAuts
  Temple: 160 daAuts
